 Dungeon Crawl Stone Soup version 0.16-a0-139-gc9fe9b1 (webtiles) character file.

2 Bloax the Charmwright (level 1, -1/11 HPs)
             Began as a Vine Stalker Skald on Aug 14, 2014.
             Slain by an adder (3 damage)
             ... on Level 3 of the Dungeon.
             The game lasted 00:01:13 (131 turns).

Bloax the Charmwright (Vine Stalker Skald)           Turns: 131, Time: 00:01:13

HP  -1/11        AC  3     Str 14      XL: 1   Next: 40%
MP   0/3         EV 10     Int 12      God:
Gold 13          SH  0     Dex 13      Spells:  1 memorised,  3 levels left

rFire  . . .     SeeInvis .     a - +0 short sword
rCold  . . .     Clarity  .     b - +0 leather armour
rNeg   . . .     rCorr    .     (no shield)
rPois  .         rRot     +     (no helmet)
rElec  .         Spirit   +     (no cloak)
SustAb .         Warding  .     (no gloves)
rMut   .         Stasis   .     (no boots)
Gourm  .                        (no amulet)
MR     .....                    (no ring)
                                (no ring)

@: lethally poisoned, not resistant to hostile enchantments, very unstealthy
A: fangs 2, regeneration 1, magic shield, antimagic bite, no device heal 3, rot
immunity
a: no special abilities


You were on level 3 of the Dungeon.
You were completely stuffed.

You visited 1 branch of the dungeon, and saw 3 of its levels.

You collected 13 gold pieces.


Innate Abilities, Weirdness & Mutations

You have extremely sharp teeth.
Your natural rate of healing is unusually fast.
When hurt, damage is shared between your health and your magic reserves.
Your bite disrupts and absorbs the magic of your enemies.
Potions and wands cannot restore your health.
You are immune to rotting.


   Skills:
 - Level 1.7 Fighting
 + Level 1.9 Short Blades
 - Level 0.7 Armour
 - Level 0.7 Dodging
 + Level 2.3 Spellcasting
 - Level 3.0 Charms


You had 3 spell levels left.
You knew the following spells:

 Your Spells              Type           Power        Failure   Level  Hunger
a - Infusion              Chrm           #.....       10%         1    ##.....


Dungeon Overview and Level Annotations

Branches:
Dungeon (3/15)

Altars:

Inventory:

Hand weapons
 a - a +0 short sword (weapon)
Armour
 b - a +0 leather armour (worn)
Comestibles
 d - a bread ration
 f - a meat ration
Potions
 e - a potion of curing {unknown}
Books
 c - a book of Battle

   Spells                             Type                      Level
   *Infusion                          Charms                       1
   Shroud of Golubria                 Charms/Translocation         2
   Song of Slaying                    Charms                       2
   Spectral Weapon                    Hexes/Charms                 3
   Regeneration                       Charms/Necromancy            3

#......<.#
#...o....#
###o###..#.#
#o.......#
.#######.###..#.#
........o........
.###....o.........
#..##J###..... #..
#@# #..#. #. #S# #
. #.# ... ...
##.## ... #.# #.#


You could see an ooze, an adder and 5 orcs.


Message History

You hit the kobold.
The kobold is almost dead.
You closely miss the kobold.
The kobold is almost dead.
The kobold barely misses you.
You closely miss the kobold. You bite the kobold. You drain its power.
You feel invigorated.
You kill the kobold!
Your magical infusion is running out.
Things that are here:
a short sword; 3 stones; a hobgoblin corpse You see here a stone.
Found a dagger.
You are no longer magically infusing your attacks.
You open the door.
There is an open door here.
You open the door.
Found a lumpy green potion.
There is an open door here.
Found a bread ration.
Found a stone staircase leading down.
e - a lumpy green potion Autopickup is now off.
You see here a bread ration.
Eat a bread ration? (ye/n/q/i?)
You finish eating.
That bread ration really hit the spot!
Autopickup is now on.
There is a stone staircase leading down here.
You climb downwards. 5 orcs come into view.
The orc shouts! x3
There is a stone staircase leading up here.
Unknown command.
An ooze comes into view.
Casting: Infusion You begin infusing your attacks with magical energy.
The orc closely misses you.
You barely miss the orc. The orc hits you with a club.
Ouch! That really hurt!
* * * LOW HITPOINT WARNING * * *
You hit the orc but do no damage. You bite the orc, but do no damage.
You completely miss the orc.
Your magical infusion is running out.
An adder comes into view.
The adder closely misses you.
You barely miss the adder.
You are no longer magically infusing your attacks.
The adder bites you.
You are poisoned.
The adder poisons you! The adder closely misses you.
You hit the adder.
The adder is lightly wounded.
You feel sick. The adder bites you.
* * * LOW HITPOINT WARNING * * *
You closely miss the adder.
The adder is lightly wounded.
The adder closely misses you.
You miss the adder.
The adder is lightly wounded.
The adder closely misses you. The adder bites you.
* * * LOW HITPOINT WARNING * * *
Unknown command.
You hit the adder.
The adder is moderately wounded.
* * * LOW HITPOINT WARNING * * *
You feel sick. The adder bites you but does no damage.
You barely miss the adder.
The adder is moderately wounded.
The adder bites you.
You die...

Action                   || total
-------------------------++-------
Melee: Short sword       ||    24
 Cast: Infusion          ||     3
  Eat: Bread ration      ||     1
       Beef jerky        ||     1

Vault maps used:
D:1:      dpeg_arrival_rhombus, grunt_decor_one_mirror
D:2:      bloody_trog

Notes
Turn   | Place    | Note
--------------------------------------------------------------
     0 | D:1      | Bloax, the Vine Stalker Skald, began the quest for the Orb.
     0 | D:1      | Reached XP level 1. HP: 11/11 MP: 3/3
   129 | D:3      | HP: 2/11 [adder (3)]
   131 | D:3      | Slain by an adder

Vanquished Creatures
  A hobgoblin (D:2)
  A kobold (D:2)
2 creatures vanquished.
